 Dungeon Crawl Stone Soup version 0.29-a0-1027-gcd8c55af63 (webtiles) character file.

Game seed: 11963928932201604440

8 DungeonMaster the Ducker (level 2, 20/20 HPs)
             Began as a Demonspawn Wanderer on Aug 13, 2022.
             Quit the game on level 1 of the Dungeon.
             The game lasted 00:00:51 (283 turns).

DungeonMaster the Ducker (Demonspawn Wanderer)       Turns: 283, Time: 00:00:52

Health: 20/20      AC:  6    Str: 12    XL:     2   Next: 0%
Magic:  5/5        EV: 15    Int: 14    God:
Gold:   12         SH:  0    Dex: 11    Spells: 4/5 levels left

rFire   . . .      SeeInvis .   a - +2 spear
rCold   . . .      Faith    .   (no shield)
rNeg    . . .      Spirit   .   d - +0 ring mail
rPois   .          Reflect  .   (no helmet)
rElec   .          Harm     .   b - +0 cloak
rCorr   .          Rampage  .   (no gloves)
Will    .....                   (no boots)
Stlth   +.........              (no amulet)
HPRegen 0.06/turn               e - +4 ring of evasion
MPRegen 0.09/turn               (no ring)

@: no status effects
A: hooves 1
a: no special abilities


You were on level 1 of the Dungeon.
You visited 1 branch of the dungeon, and saw 1 of its levels.

You collected 12 gold pieces.

Inventory:

Hand Weapons
 a - a +2 spear (weapon)
Armour
 b - a +0 cloak (worn)
 d - a +0 ring mail (worn)
Jewellery
 e - a +4 ring of evasion (left hand)
Scrolls
 c - a scroll of teleportation
 g - a scroll of identify {unknown}
Potions
 f - a potion of flight {unknown}


   Skills:
 * Level 0.7 Fighting
 - Level 1.7 Polearms
 * Level 1.2 Armour
 * Level 2.9 Dodging
 - Level 2.0 Spellcasting
 - Level 1.0 Poison Magic
 - Level 1.0 Evocations


You had 4 spell levels left.
You knew the following spells:

 Your Spells              Type           Power      Damage    Failure   Level
a - Sting                 Tmut/Pois      8%         1d3       41%         1

Your spell library contained the following spells:

 Spells                   Type           Power      Damage    Failure   Level
 Spider Form              Tmut/Pois      2%         N/A       78%         3


Dungeon Overview and Level Annotations

Branches:
Dungeon (1/15)

Altars:


Innate Abilities, Weirdness & Mutations

You have large cloven feet.


Message History

You see here a hobgoblin corpse.
You see here a +0 robe.
e - a +4 ring of evasion
f - a bubbling clear potion An endoplasm and a goblin come into view.
Found 4 gold pieces.
The endoplasm quivers.
The goblin shouts!
The endoplasm moves out of view.
You see here a scroll labelled QOD VAECEINE.
g - a scroll labelled QOD VAECEINE A hobgoblin comes into view.
You hit the goblin.
The goblin is heavily wounded.
The goblin hits you but does no damage.
You hit the goblin.
You kill the goblin!
You hit the endoplasm.
You kill the endoplasm!
You see here a +0 club.
e - a +4 ring of evasion (left hand)
You now have 12 gold pieces (gained 4).
A goblin comes into view. It is wielding a +0 dagger.
The goblin shouts!
The goblin hits you but does no damage.
You hit the goblin.
The goblin is heavily wounded.
The goblin barely misses you.
You closely miss the goblin.
The goblin is heavily wounded.
The goblin closely misses you.
You hit the goblin.
The goblin is severely wounded.
The goblin hits you but does no damage.
You hit the goblin.
You kill the goblin!
You have reached level 2!
Your demonic ancestry asserts itself...
Your feet thicken and deform.
Are you sure you want to abandon this character and quit the game? (Confirm with "yes".)

... .. .. .. ###.##.. ..
#.# #...... #.# ..
#.#.P♣♣ ..# #.##.#...
P..## #......P♣♣♣ ....#
#########.#.#PP..♣♣P.#
........)...#.P♣P..P.#
.......###..#..)@P...#
...[...#....#..####.#..#
##.....#......## ...##
#........##.#.# #♣♣♣
÷...........#.#
#.......♣♣....#
#.......♣♣.......#
#......P♣♣PP.>##.♣
#....[.P♣♣PP.## ..


There were no monsters in sight!

Vanquished Creatures
  An endoplasm (D:1)
  A giant cockroach (D:1)
  2 goblins (D:1)
  A hobgoblin (D:1)
  A kobold (D:1)
6 creatures vanquished.

Vanquished Creatures (others)
  3 plants (D:1)
3 creatures vanquished.

Grand Total: 9 creatures vanquished

Notes
Turn   | Place    | Note
-------+----------+-------------------------------------------
     0 | D:1      | DungeonMaster the Demonspawn Wanderer began the quest for
                  | the Orb.
     0 | D:1      | DungeonMaster set off with the following items: a +2 spear,
                  | a +0 cloak, a scroll of teleportation, a +0 robe; and the
                  | following spell memorised: Sting; and the following spells
                  | available to memorise: Spider Form.
     0 | D:1      | Reached XP level 1. HP: 13/13 MP: 3/3
   283 | D:1      | Gained mutation: You have large cloven feet. [demonic
                  | ancestry]
   283 | D:1      | Reached XP level 2. HP: 20/20 MP: 5/5
   283 | D:1      | Quit the game

Illustrated notes

Levels and vault maps discovered:
D:1:      eino_arrival_water_cross, layout_basic, serial_forest,
          infiniplex_forest_lined_1, infiniplex_forest_end_3,
          infiniplex_forest_clump_medium, infiniplex_forest_clump_long,
          infiniplex_forest_lined_4_way, infiniplex_forest_lined_2

Action                   || total
-------------------------++-------
Melee: Spear             ||    22
Armor: Ring mail         ||     9
Dodge: Dodged            ||     7

Table legend: (Time is in decaauts)
 A = Elapsed time spent in this place.
 B = Non-inter-level travel time spent in this place.
 C = Inter-level travel time spent in this place.
 D = Time resting spent in this place.
 E = Time spent auto-exploring this place.
 F = Levels seen in this place.
 G = Mean time per level.
                   A        B        C        D        E       F      G
               +--------+--------+--------+--------+--------+-----+--------+
         Total |    282 |    282 |      0 |    152 |     52 |   1 |  282.0 |
       Dungeon |    282 |    282 |      0 |    152 |     52 |   1 |  282.0 |
               +--------+--------+--------+--------+--------+-----+--------+

Top non-repeatable levels by time:
     D:1: 282 daAuts
